 Dungeon Crawl Stone Soup version 0.19-a0-1899-g2d93087 (webtiles) character file.

132 Lochraine the Digger (level 5, 0/28 HPs)
             Began as a Gargoyle Earth Elementalist on Oct 19, 2016.
             Was a Follower of Nemelex Xobeh.
             Slain by an adder (2 damage)
             ... on level 2 of the Dungeon.
             The game lasted 00:08:16 (2160 turns).

Lochraine the Digger (Gargoyle Earth Elementalist)  Turns: 2160, Time: 00:08:17

Health: 0/28       AC:  6    Str: 12    XL:     5   Next: 15%
Magic:  1/9        EV: 12    Int: 16    God:    Nemelex Xobeh [*.....]
Gold:   85         SH:  0    Dex: 10    Spells: 3 memorised, 4 levels left

rFire  . . .     SeeInvis .     r - +0 flail
rCold  . . .     Gourm    .     c - +0 robe
rNeg   + . .     Faith    .     (no shield)
rPois  ∞         Spirit   .     (no helmet)
rElec  +         Reflect  .     (no cloak)
rCorr  .         Harm     .     (no gloves)
MR     .....                    (no boots)
Stlth  ++........               (no amulet)
                                (no ring)
                                (no ring)

@: no status effects
A: negative energy resistance 1, electricity resistance, unbreathing,
petrification resistance, rot immunity, AC +4
a: Renounce Religion


You were on level 2 of the Dungeon.
You worshipped Nemelex Xobeh.
Nemelex Xobeh was aware of your devotion.
You were not hungry.

You visited 1 branch of the dungeon, and saw 3 of its levels.

You collected 85 gold pieces.

Inventory:

Hand Weapons
 o - a +1 short sword of electrocution
 r - a +0 flail (weapon)
Missiles
 b - 114 stones (quivered)
Armour
 c - a +0 robe (worn)
Scrolls
 h - 3 scrolls of remove curse {unknown}
 i - a scroll of random uselessness {unknown}
 p - a scroll of teleportation {unknown}
Potions
 g - a potion of berserk rage {unknown}
 k - 2 potions of curing {unknown}
Books
 e - a book of Geomancy

   Spells                             Type                      Level
   a - Sandblast                      Earth                        1
   b - Passwall                       Transmutation/Earth          2
   c - Stone Arrow                    Conjuration/Earth            3
   d - Petrify                        Transmutation/Earth          4
   e - Lee's Rapid Deconstruction     Earth                        5
Miscellaneous
 f - a plain deck of escape {drawn: 3}
Comestibles
 d - 2 bread rations
 j - 2 meat rations
 l - a slice of pizza
 n - 2 fruits
 q - a chunk of flesh


   Skills:
 - Level 1.5 Dodging
 - Level 2.1 Stealth
 - Level 3.0 Spellcasting
 + Level 2.9 Conjurations
 - Level 0.7 Transmutations
 - Level 5.0 Earth Magic


You had 4 spell levels left.
You knew the following spells:

 Your Spells              Type           Power        Failure   Level  Hunger
a - Sandblast             Erth           ###...       2%          1    #......
b - Passwall              Tmut/Erth      ##........   10%         2    ##.....
c - Stone Arrow           Conj/Erth      ###...       12%         3    ###....


Dungeon Overview and Level Annotations

Branches:
Dungeon (3/15)

Altars:
Nemelex Xobeh
Okawaru
Trog


Innate Abilities, Weirdness & Mutations

You are resistant to torment.
Your stone body is resilient. (AC +4)
You are immune to poison.
You resist negative energy. (rN+)
You are resistant to electric shocks. (rElec)
You can survive without breathing.
You are immune to petrification.
You are immune to rotting.


Message History

The adder barely misses you.
You miss the adder.
The adder is heavily wounded.
The adder barely misses you. The orc hits you with a flail.
The adder bites you. The orc hits you with a flail. The adder bites you.
* * * LOW HITPOINT WARNING * * *
You climb upwards.
There is a stone staircase leading down here.
Unknown command.
The adder bites you but does no damage. The orc hits you with a flail.
* * * LOW HITPOINT WARNING * * *
Evoke which item? (* to show all) (? for menu, Esc to quit)
You draw a card...
It is the Tomb.
Walls emerge from the floor!
The adder bites you but does no damage. x2
Evoke which item? (* to show all) (? for menu, Esc to quit)
You draw a card...
It is the Shaft.
A shaft materialises beneath you! The adder bites you.
You die...
Your body disappears without a glow.

#'#.#........#...#.########.# #..
#.#.#..####..#..............###..
#.#.#.....#..#.#.#.###........'..
#<#.##.##.#........# #.....####..
###.##.##.#..⌠.⌠#..# ##'#'## #..
#............._....####.#.# #..
#.#....####..⌠.⌠...#....#.# #..
#+#....# #....###.#....#.# #..
.......# #..)..@So#....#.# ###
....##########.###)#....#.######
....'...........##.#....#......##
....######...........#..#...#)...
....# #......###..#......#....
##### #......#..+.##...)##....
#......#.##.##....##....
#......#.##..##..##.....
#......#.##..##..##.....


You could see an adder and an orc.

Vanquished Creatures
  An orc priest (D:2)
  5 adders
  2 worms (D:2)
  A leopard gecko (D:2)
  An orc (D:3)
  3 giant cockroaches
  7 goblins
  8 hobgoblins
  2 quokkas (D:2)
  2 bats
  9 frilled lizards
  4 kobolds
  9 rats
54 creatures vanquished.

Notes
Turn   | Place    | Note
-------+----------+-------------------------------------------
     0 | D:1      | Lochraine the Gargoyle Earth Elementalist began the quest for the Orb.
     0 | D:1      | Reached XP level 1. HP: 10/10 MP: 3/3
   142 | D:1      | Reached XP level 2. HP: 15/15 MP: 5/5
   155 | D:1      | Reached skill level 4 in Earth Magic
   499 | D:2      | Reached XP level 3. HP: 14/19 MP: 2/7
   550 | D:2      | Learned a level 2 spell: Passwall
   554 | D:2      | Learned a level 3 spell: Stone Arrow
   707 | D:2      | Found a sparkling altar of Nemelex Xobeh.
   736 | D:2      | Became a worshipper of Nemelex Xobeh the Trickster
   868 | D:2      | Received a gift from Nemelex Xobeh
   984 | D:2      | Reached skill level 1 in Conjurations
   984 | D:2      | Reached XP level 4. HP: 24/24 MP: 2/8
  1539 | D:2      | Found a bloodstained altar of Trog.
  1539 | D:2      | Found an iron altar of Okawaru.
  1661 | D:3      | Reached * piety under Nemelex Xobeh
  1855 | D:3      | Reached skill level 5 in Earth Magic
  1932 | D:2      | Reached XP level 5. HP: 10/28 MP: 1/9
  2160 | D:2      | Slain by an adder

Vault maps used:
D:1:      dpeg_arrival_arbitrary_b
D:2:      gammafunk_temple_overflow_statue, nemelex_xobeh_ov_fountains_minmay,
          first_bread, minmay_misc_feat_x
D:3:      gammafunk_temple_overflow_wave, hangedman_decor_clover_reticule

Skill      XL: |  1  2  3  4 |
---------------+-------------+-----
Earth Magic    | 4 5 |  5.0
Spellcasting   | 3 |  3.0
Conjurations   | 1 2 |  2.9
Dodging        | |  1.5
Stealth        | |  2.1
Transmutations | |  0.7

Action                   |  1- 3 |  4- 6 || total
-------------------------+-------+-------++-------
Melee: Unarmed           |     9 |       ||     9
       Club              |     5 |       ||     5
       Mace              |    68 |    80 ||   148
       Flail             |       |     9 ||     9
Throw: Javelin           |       |     2 ||     2
       Stone             |       |     1 ||     1
 Cast: Sandblast         |    28 |    19 ||    47
       Stone Arrow       |       |     4 ||     4
Evoke: Deck              |       |     3 ||     3
 Stab: Sleeping          |     5 |       ||     5
  Eat: Chunk             |     1 |     4 ||     5
Armor: Robe              |    40 |    47 ||    87
Dodge: Dodged            |    75 |   100 ||   175
